 Dungeon Sprint DCSS version 0.31-a0-841-g038b102fc3 (webtiles) character file.

Game seed: 3087454781327878229

4953 sircluck the Grappler (level 10, 0/117 HPs)
             Began as a Troll Berserker on Sept 27, 2023.
             Was the Champion of Trog.
             Slain by Sonja
             ... wielding a +0 dagger of distortion
              (5 damage)
             ... in the Dungeon (Sprint I: "Red Sonja").
             The game lasted 00:03:17 (630 turns).

sircluck the Grappler (Troll Berserker)              Turns: 630, Time: 00:03:17

Health: 0/117      AC: 14    Str: 31    XL:     10   Next: 28%
Magic:  9/9        EV: 12    Int:  3    God:    Trog [******]
Gold:   322        SH:  0    Dex:  9    Spells: 9/9 levels left

rFire   . .          .
                       - Unarmed
rCold   x . .        (no shield)
rNeg    . . .        m - +1 swamp dragon scales
rPois   +            (helmet restricted)
rElec   .            (no cloak)
rCorr   .            (gloves unavailable)
SInv    .            (boots unavailable)
Will    .....        o - amulet of Jealousy {Fly rPois rC- Regen+} Stlth
                     i - +4 ring of protection
HPRegen 1.99/turn    (no ring)
MPRegen 0.11/turn

%: no teleportation
@: flying, slowed, very slow
A: large, unfitting armour, claws 3, regeneration 1, shaggy fur 1, tough skin 1
a: Renounce Religion, Berserk, Trog's Hand, Brothers in Arms


You were in the Dungeon.
You worshipped Trog.
Trog was exalted by your worship.
You visited 1 branch You collected 760 gold pieces.
You spent 438 gold pieces at shops.

Inventory:

Missiles
 r - 5 javelins
Armour
 a - a +0 animal skin
 m - +1 swamp dragon scales (worn)
 q - a +0 troll leather armour
Jewellery
 i - a +4 ring of protection (left claw)
 o - the amulet of Jealousy (around neck) {Fly rPois rC- Regen+}
   (You bought it in a shop in the Dungeon)

   [amulet of regeneration]

   rC-:       It makes you vulnerable to cold.
   rPois:     It protects you from poison Fly: It grants you flight.
   Regen+:    It increases your rate of health regeneration.
 p - an amulet of the acrobat
Wands
 h - a wand of polymorph (11)
 n - a wand of paralysis (7)
Scrolls
 g - a scroll of blinking
 j - 2 scrolls of enchant weapon {unknown}
 k - a scroll of revelation
 l - 2 scrolls of identify {unknown}
Potions
 b - a potion of curing
 c - 3 potions of heal wounds
 d - a potion of haste
 e - 3 potions of magic
 f - a potion of berserk rage


   Skills:
 + Level 12.4 Fighting
 + Level 1.6 Armour
 + Level 12.2 Dodging
 + Level 14.4 Unarmed Combat


You had 9 spell levels left.
You didn't know any spells.
Your spell library was empty.

Dungeon Overview and Level Annotations

Branches:
Dungeon (1/1)

Altars:
Cheibriados
Dithmenos
Elyvilon
Fedhas
Gozag
Hepliaklqana
Kikubaaqudgha
Makhleb
Nemelex Xobeh
Okawaru
Qazlal
Ru
Sif Muna
Trog
Uskayaw
Vehumet
Wu Jian
Xom
Yredelemnul
Zin
The Shining One
Jiyva
Lugonu

Shops:
D ?(:(?:[*[?=?[=[[

Annotations:
D Sonja


Innate Abilities, Weirdness & Mutations

You are too large for most types of armour.
You have claws for hands.
Your natural rate of healing is unusually fast.
You are covered in fur. (AC +1)
You have tough skin. (AC +1)


Message History

Sonja blinks!
Sonja throws a curare-tipped dart.
The curare-tipped dart hits you.
You have difficulty breathing.
You feel as though you will be slow longer.
There is an open door here.
Sonja hits you but does no damage. Space warps around you.
Sonja completely misses you. Sonja hits you but does no damage.
Sonja hits you with a +0 dagger of distortion.
Space warps horribly around you!!
Sonja hits you with a +0 dagger of distortion. x2
Space warps around you.
You are too injured to fight recklessly!
You are too injured to fight recklessly!
You are too injured to fight recklessly!
You are too injured to fight recklessly!
You are too injured to fight recklessly!
You are too injured to fight recklessly!
You are too injured to fight recklessly!
You mangle Sonja!!
Sonja is severely wounded.
Sonja casts a spell.
Sonja blinks!
Unknown command.
Unknown command.
You reach down and close the door.
You start resting.
Sonja is nearby!
Sonja hits you but does no damage. x2; Space warps horribly around you!
Sonja hits you but does no damage. Space warps horribly around you!
* * * LOW HITPOINT WARNING * * *
You completely miss Sonja.
Sonja is severely wounded.
Sonja misses you. Sonja hits you but does no damage. x2
Space warps horribly around you!
* * * LOW HITPOINT WARNING * * *
Sonja barely misses you. Sonja hits you but does no damage.
Space warps horribly around you!
* * * LOW HITPOINT WARNING * * *
Sonja hits you but does no damage. Space warps around you.
You die...

#..#####'#####'#__####...+
#..####..#...#(####.(#####
#..#__####..##.#§~~§§#..#
#..#_____##'#_.§§~~)§'..#
#⌠⌠#_.∩...'..._#~§~§.#..#
####_..__##_.#'##'#####'###
#_____###+#.#.§§.###.'.#
#########.####K###.###.#
+$.$+.@...')∩##.#
#$.$###########.#
##.###......§##.# #+
#......§.§†# #'''######§#
#..†)§§.†#§#
######......§#'.#
#...).)...§§§####
#..........§~#


You could see Sonja.

Vanquished Creatures
  2 centaur warriors (D)
  A deep troll (D)
  An oklob plant (D)
  2 kobold demonologists (D)
  2 unseen horrors (D)
  A hornet (D)
  A slime creature (D)
  Sigmund (D)
  A yak (D)
  2 redbacks (D)
  2 floating eyes (D)
  An ogre (D)
  7 necrophages (D)
  8 jellies (D)
  Ijyb (D)
33 creatures vanquished.

Notes
Turn   | Place    | Note
-------+----------+-------------------------------------------
     0 | D        | sircluck the Troll Berserker began the quest for the Orb.
     0 | D        | Reached XP level 1. HP: 22/22 MP: 0/0
     1 | D        | Noticed Ijyb
     8 | D        | Killed Ijyb
     9 | D        | Reached skill level 4 in Unarmed Combat
     9 | D        | Reached XP level 2. HP: 32/32 MP: 1/1
    13 | D        | Noticed an ogre
    17 | D        | Killed an ogre
    18 | D        | Reached skill level 5 in Fighting
    18 | D        | Reached skill level 5 in Dodging
    18 | D        | Reached skill level 6 in Unarmed Combat
    18 | D        | Reached XP level 3. HP: 42/42 MP: 2/2
    18 | D        | Reached XP level 4. HP: 50/50 MP: 3/3
    22 | D        | Noticed Sigmund
    31 | D        | Killed Sigmund
    31 | D        | Reached ** piety under Trog
    32 | D        | Reached skill level 7 in Unarmed Combat
    32 | D        | Reached XP level 5. HP: 33/61 MP: 4/4
    32 | D        | Reached XP level 6. HP: 36/68 MP: 5/5
    78 | D        | Found an ornate altar of the Wu Jian Council.
    78 | D        | Found a shimmering blue altar of Sif Muna.
    80 | D        | Found a radiant altar of Vehumet.
    84 | D        | Reached skill level 8 in Unarmed Combat
   117 | D        | Found Jozipise's Magic Scroll Emporium.
   117 | D        | Found an ancient bone altar of Kikubaaqudgha.
   117 | D        | Found a hazy altar of Hepliaklqana.
   117 | D        | Found a hide-covered altar of Uskayaw.
   117 | D        | Found a basalt altar of Yredelemnul.
   117 | D        | Found an opulent altar of Gozag.
   117 | D        | Found a snail-covered altar of Cheibriados.
   117 | D        | Found a sacrificial altar of Ru.
   117 | D        | Found a shadowy altar of Dithmenos.
   117 | D        | Noticed a yak
   122 | D        | Killed a yak
   123 | D        | Found a stormy altar of Qazlal.
   123 | D        | Found a blossoming altar of Fedhas.
   123 | D        | Found a bloodstained altar of Trog.
   123 | D        | Found an iron altar of Okawaru.
   123 | D        | Found a glowing golden altar of the Shining One.
   123 | D        | Found a glowing silver altar of Zin.
   123 | D        | Found a white marble altar of Elyvilon.
   125 | D        | Found a sparkling altar of Nemelex Xobeh.
   131 | D        | Bought a scroll of revelation for 75 gold pieces
   146 | D        | Found a burning altar of Makhleb.
   146 | D        | Found a viscous altar of Jiyva.
   146 | D        | Found a shimmering altar of Xom.
   146 | D        | Found a corrupted altar of Lugonu.
   146 | D        | Noticed a slime creature
   150 | D        | Killed a slime creature
   150 | D        | Reached *** piety under Trog
   151 | D        | Reached skill level 9 in Unarmed Combat
   151 | D        | Reached XP level 7. HP: 80/80 MP: 6/6
   209 | D        | Noticed a kobold demonologist
   209 | D        | Noticed a kobold demonologist
   216 | D        | Killed a kobold demonologist
   217 | D        | Reached skill level 10 in Unarmed Combat
   223 | D        | Killed a kobold demonologist
   223 | D        | Reached **** piety under Trog
   224 | D        | Reached skill level 11 in Unarmed Combat
   224 | D        | Reached XP level 8. HP: 92/92 MP: 7/7
   246 | D        | Noticed a centaur warrior
   246 | D        | Noticed a centaur warrior
   256 | D        | Killed a centaur warrior
   257 | D        | Reached skill level 10 in Fighting
   257 | D        | Reached skill level 10 in Dodging
   261 | D        | Killed a centaur warrior
   262 | D        | Reached skill level 12 in Unarmed Combat
   262 | D        | Reached XP level 9. HP: 33/102 MP: 8/8
   322 | D        | Paralysed by a hornet for 3 turns
   369 | D        | Noticed an oklob plant
   373 | D        | Killed an oklob plant
   373 | D        | Reached ***** piety under Trog
   374 | D        | Reached skill level 13 in Unarmed Combat
   448 | D        | Reached ****** piety under Trog
   448 | D        | Received a gift from Trog
   457 | D        | Killed an unseen horror
   460 | D        | Reached XP level 10. HP: 88/115 MP: 9/9
   464 | D        | Reached skill level 14 in Unarmed Combat
   480 | D        | Found Urronir's Armour Boutique.
   482 | D        | Found Quoqosau's Jewellery Emporium.
   483 | D        | Found Noanwuto's Antique Armour Emporium.
   484 | D        | Received a gift from Trog
   488 | D        | Identified the +0 shortbow of Optimality {antimagic, *Slow
                  | Fly rCorr Stlth+}
   521 | D        | Found Aqoojalu's Magic Scroll Boutique.
   521 | D        | Found Lecreg's Jewellery Shoppe.
   521 | D        | Found Mufor's Magic Scroll Shop.
   521 | D        | Found Pyxiq's Armour Emporium.
   521 | D        | Found Apeymu's General Store.
   521 | D        | Found Iriu's Armour Shoppe.
   521 | D        | Found Yrchun's Book Shop.
   524 | D        | Found Sarph's Magic Scroll Emporium.
   525 | D        | Found Ezottiu's Weapon Boutique.
   525 | D        | Found Lafrip's Book Shoppe.
   526 | D        | Bought the amulet of Jealousy {Fly rPois rC- Regen+} for
                  | 363 gold pieces
   526 | D        | Found Pagreirch's Antique Weapon Shop.
   582 | D        | Noticed a deep troll
   587 | D        | Killed a deep troll
   588 | D        | Reached skill level 1 in Armour
   599 | D        | Found Biaramequi's Armour Emporium.
   620 | D        | Noticed Sonja
   630 | D        | HP: 5/117 [Sonja/+0 dagger of distortion (15)]
   630 | D        | Slain by Sonja

Illustrated notes

Levels and vault maps discovered:
D:        dungeon_sprint_1 [red_sonja_temple_1, red_sonja_temple_small_1]

Skill      XL: |  1  2  3  4  5  6  7  8  9 10 |
---------------+-------------------------------+-----
Fighting       | 3 5 6 8 9 10 11 12 | 12.4
Dodging        | 3 5 6 8 9 10 11 12 | 12.2
Unarmed Combat | 4 6 7 9 11 12 13 14 | 14.4
Armour         | 1 |  1.6

Action                     |  1- 3 |  4- 6 |  7- 9 | 10-12 || total
---------------------------+-------+-------+-------+-------++-------
  Melee: Unarmed           |     9 |    18 |    52 |    25 ||   104
         Punch             |       |       |     2 |     1 ||     3
 Invoke: Berserk           |       |     1 |       |       ||     1
 Armour: Skin              |     2 |       |       |       ||     2
         Animal skin       |       |    10 |    53 |    12 ||    75
         Swamp dragon scal |       |       |       |    26 ||    26
  Dodge: Dodged            |     4 |     3 |    26 |    13 ||    46

Table legend: (Time is in decaauts)
 A = Elapsed time spent in this place.
 B = Non-inter-level travel time spent in this place.
 C = Inter-level travel time spent in this place.
 D = Time resting spent in this place.
 E = Time spent auto-exploring this place.
 F = Levels seen in this place.
 G = Mean time per level.
                   A        B        C        D        E       F      G
               +--------+--------+--------+--------+--------+-----+--------+
         Total |    624 |    624 |      0 |    109 |    157 |   1 |  624.0 |
       Dungeon |    624 |    624 |      0 |    109 |    157 |   1 |  624.0 |
               +--------+--------+--------+--------+--------+-----+--------+

Top non-repeatable levels by time:
       D: 624 daAuts
